 Dungeon Crawl Stone Soup version 0.31.0-32-g396128a36d (webtiles) character file.

Game seed: 8585281285859671475

271 PaiMei the Grave Robber (level 6, 46/46 HPs)
             Began as a Demonspawn Necromancer on Apr 25, 2024.
             Quit the game on level 3 of the Dungeon.
             The game lasted 00:03:38 (3141 turns).

PaiMei the Grave Robber (Demonspawn Necromancer)    Turns: 3141, Time: 00:03:39

Health: 46/46      AC:  4    Str:  8    XL:     6   Next: 2%
Magic:  7/11       EV: 13    Int: 18    God:
Gold:   122        SH:  0    Dex: 13    Spells: 3/11 levels left

rFire   . . .        q - +2 flail (heavy)
rCold   . . .        (no shield)
rNeg    . . .        a - +0 robe
rPois   .            (no helmet)
rElec   .            (no cloak)
rCorr   .            (no gloves)
SInv    .            (no boots)
Will    .....        (no amulet)
Stlth   ++           (no ring)
HPRegen 0.27/turn    (no ring)
MPRegen 0.24/turn

%: guardian spirit
@: no status effects
A: thin metallic scales 1, magic shield, magic regeneration
a: no special abilities


You were on level 3 of the Dungeon.
You visited 1 branch of the dungeon, and saw 3 of its levels.

You collected 122 gold pieces.

Inventory:

Hand Weapons
 c - a +0 short sword
 q - a +2 heavy flail (weapon)
Armour
 a - a +0 robe (worn)
 m - a +0 tower shield
Scrolls
 e - a scroll of butterflies {unknown}
 f - a scroll of revelation {unknown}
 g - 2 scrolls of teleportation {unknown}
 i - 2 scrolls of immolation {unknown}
 j - a scroll of noise {unknown}
 l - 2 scrolls of identify {unknown}
Potions
 b - a potion of magic
 d - 3 potions of curing {unknown}
 h - a potion of enlightenment {unknown}
 k - a potion of haste {unknown}
 n - a potion of lignification {unknown}
 o - a potion of degeneration {unknown}
 p - a potion of mutation {unknown}


   Skills:
 + Level 2.5 Fighting
 + Level 3.2 Dodging
 - Level 2.0 Stealth
 + Level 3.3 Spellcasting
 + Level 5.5 Necromancy


You had 3 spell levels left.
You knew the following spells:

 Your Spells              Type           Power      Damage    Failure   Level
a - Necrotise             Necr           88%        1d8       1%          1
b - Vampiric Draining     Necr           22%        2d7       4%          3
c - Animate Dead          Necr           22%        N/A       16%         4

Your spell library contained the following spells:

 Spells                   Type           Power      Damage    Failure   Level
 Hailstorm                Conj/Ice       3%         3d5       43%         3
 Summon Ice Beast         Ice/Summ       3%         N/A       43%         3
 Curse of Agony           Necr           22%        N/A       41%         5
 Sculpt Simulacrum        Ice/Alch       1%         N/A       100%        6


Dungeon Overview and Level Annotations

Branches:
Dungeon (3/15)

Altars:


Innate Abilities, Weirdness & Mutations

You are partially covered in thin metallic scales. (AC +2)
When hurt, damage is shared between your health and your magic reserves.
You regenerate magic rapidly.


Message History

You can't see any susceptible monsters within range! (Use Z to cast anyway.)
You see here a +2 heavy flail.
q - a +2 heavy flail (weapon)
You start resting.
Magic restored.
You start waiting.
Your gnoll skeleton crumbles into dust!
Done waiting.
You start waiting.
Done waiting.
The gnoll shouts!
A gnoll bouda comes into view. It is wielding a +0 whip.
The gnoll shouts!
Casting: Necrotise (safe; 1% risk of failure)
Confirm with . or Enter, or press ? or * to list all spells.
Aiming: Necrotise (safe; 1% risk of failure)
Press: ? - help, Shift-Dir - straight line, f - gnoll
Aim: a gnoll, wielding a +0 spear (chance to affect: 86%)
The gnoll writhes in agony!
The gnoll bouda shouts!
The gnoll shouts!
You hear a shout!
The gnoll bouda barks out a call to the hunt!
The gnolls pick up the pace!
Casting: Necrotise (safe; 1% risk of failure)
Confirm with . or Enter, or press ? or * to list all spells.
Aiming: Necrotise (safe; 1% risk of failure)
Press: ? - help, Shift-Dir - straight line, f/p - gnoll
Aim: a gnoll, wielding a +0 spear (heavily wounded, covering ground quickly, chance to affect: 86%)
The gnoll writhes in agony.
Casting: Necrotise (safe; 1% risk of failure)
Confirm with . or Enter, or press ? or * to list all spells.
Aiming: Necrotise (safe; 1% risk of failure)
Press: ? - help, Shift-Dir - straight line, f/p - gnoll
Aim: a gnoll, wielding a +0 spear (severely wounded, covering ground quickly, chance to affect: 86%)
The gnoll writhes in agony!
You kill the gnoll!
The dead are walking!
You have reached level 6!
Your demonic ancestry asserts itself...
You feel your magical essence form a protective shroud around your flesh.
Are you sure you want to abandon this character and quit the game? (Confirm with "yes".)

# # . .#. #. #.# ... #.#
...# #.# #.....#
########.########.....###
......g..g).@...........
......g#.##Z.####......#
.....#######.# #....#
.... #.# #....# ### #(#
#....# #.# #...)#
##.######.##.#
##......).##.#
#############.#


You could see a gnoll bouda, 2 gnolls and a friendly gnoll skeleton.

Vanquished Creatures
  Jessica (D:2)
  An orc wizard (D:3)
  Natasha (thrice) (D:2)
  2 gnolls (D:3)
  7 adders (D:2)
  A dart slug (D:1)
  A ribbon worm (D:2)
  5 orcs (D:3)
  2 bats
  6 endoplasms
  2 giant cockroaches
  5 goblins (D:1)
  4 hobgoblins
  3 quokkas
  6 ball pythons
  4 kobolds
  6 rats
59 creatures vanquished.

Vanquished Creatures (collateral kills)
  A dart slug (D:2)
1 creature vanquished.

Grand Total: 60 creatures vanquished

Notes
Turn   | Place    | Note
-------+----------+-------------------------------------------
     0 | D:1      | PaiMei the Demonspawn Necromancer began the quest for the
                  | Orb.
     0 | D:1      | Reached XP level 1. HP: 13/13 MP: 3/3
   257 | D:1      | Gained mutation: You are partially covered in thin metallic
                  | scales. (AC +2) [demonic ancestry]
   257 | D:1      | Reached XP level 2. HP: 19/19 MP: 3/5
   938 | D:2      | Gained mutation: You regenerate magic rapidly. [demonic
                  | ancestry]
   938 | D:2      | Reached XP level 3. HP: 25/25 MP: 4/6
  1022 | D:2      | Reached skill level 1 in Fighting
  1121 | D:2      | Noticed Natasha
  1130 | D:2      | Killed Natasha
  1131 | D:2      | Reached XP level 4. HP: 10/32 MP: 2/7
  1304 | D:2      | Reached skill level 5 in Necromancy
  1375 | D:2      | Noticed Natasha
  1627 | D:2      | Killed Natasha
  1688 | D:2      | Found a faded altar of an unknown god.
  1924 | D:2      | Noticed Jessica
  1929 | D:2      | Killed Jessica
  1930 | D:2      | Reached XP level 5. HP: 38/38 MP: 4/9
  2107 | D:2      | Noticed Natasha
  2112 | D:2      | Killed Natasha
  2672 | D:3      | Learned a level 3 spell: Vampiric Draining
  2677 | D:3      | Learned a level 4 spell: Animate Dead
  3141 | D:3      | Gained mutation: When hurt, damage is shared between your
                  | health and your magic reserves. [demonic ancestry]
  3141 | D:3      | Reached XP level 6. HP: 46/46 MP: 7/11
  3141 | D:3      | Quit the game

Illustrated notes

Levels and vault maps discovered:
D:1:      dpeg_arrival_windows_large_door, layout_loops_ring
D:2:      wad_lake_hut, layout_basic, hellmonk_ecumenical_altar_zigzags,
          uniq_natasha, uniq_jessica
D:3:      layout_basic, serial_co_window_serial, co_window_paths_a,
          co_window_paths_a, co_window_cross_1, co_window_of_opportunity_a,
          co_window_of_opportunity_a, co_window_corner_b, co_window_corner_ca,
          co_window_unsneaky_path_d, co_window_2corner,
          co_window_of_opportunity_b, glass_columns_a, glass_columns_c,
          glass_columns_a, glass_columns_a, uniq_sigmund, uniq_grinder,
          uniq_ijyb

Skill      XL: |  1  2  3  4  5 |
---------------+----------------+-----
Dodging        | 2 3 |  3.2
Stealth        | 2 |  2.0
Fighting       | 1 2 |  2.5
Necromancy     | 5 |  5.5
Spellcasting   | 3 |  3.3

Action                     |  1- 3 |  4- 6 || total
---------------------------+-------+-------++-------
  Melee: Short sword       |     5 |     6 ||    11
   Cast: Necrotise         |    56 |    83 ||   139
 Armour: Robe              |    22 |    30 ||    52
  Dodge: Dodged            |    15 |    17 ||    32
